 Dungeon Crawl Stone Soup version 0.30-a0-634-g8abc85282e (webtiles) character file.

Game seed: 15934186575872471449

212 jfcaron the Gusty (level 5, -2/45 HPs)
             Began as an Ogre Air Elementalist on Jan 15, 2023.
             Slain by a river rat (6 damage)
             ... in a sewer.
             The game lasted 00:08:57 (3425 turns).

jfcaron the Gusty (Ogre Air Elementalist)           Turns: 3425, Time: 00:08:57

Health: -2/45      AC:  3    Str: 12    XL:     5   Next: 89%
Magic:  1/11       EV: 10    Int: 18    God:
Gold:   94         SH:  0    Dex:  9    Spells: 2/12 levels left

rFire   + . .      SeeInvis .    d - +3 short sword (flame)
rCold   . . .      Faith    .    (no shield)
rNeg    . . .      Spirit   .    a - +0 robe
rPois   .          Reflect  .    (helmet restricted)
rElec   .          Harm     .    (no cloak)
rCorr   .          Rampage  .    (gloves unavailable)
Will    +....                    (boots unavailable)
Stlth   ++                       (no amulet)
HPRegen 0.27/turn                k - ring of wizardry
MPRegen 0.12/turn                (no ring)

@: very slightly contaminated
A: large, unfitting armour, tough skin 1, fire resistance 1, strong-willed 1
a: no special abilities


You were in a sewer.
You visited 1 branch of the dungeon, and saw 3 of its levels.
You also visited: Sewer.

You collected 94 gold pieces.

Inventory:

Hand Weapons
 d - a +3 short sword of flaming (weapon)
   (You took it off a kobold on level 1 of the Dungeon)
Missiles
 h - 5 poisoned darts
Armour
 a - a +0 robe (worn)
Jewellery
 k - a ring of wizardry (left hand)
   (You found it on level 3 of the Dungeon)
Scrolls
 c - 2 scrolls of amnesia
 e - a scroll of poison
 j - 2 scrolls of teleportation
 l - a scroll of identify
Potions
 b - 5 potions of flight
 f - a potion of attraction


   Skills:
 - Level 2.0 Dodging
 - Level 2.0 Stealth
 + Level 4.0 Spellcasting
 - Level 1.0 Conjurations
 * Level 4.7 Air Magic


You had 2 spell levels left.
You knew the following spells:

 Your Spells              Type           Power      Damage    Failure   Level
a - Shock                 Conj/Air       56%        1d6       1%          1
b - Static Discharge      Conj/Air       28%        2-4/arc   2%          2
c - Swiftness             Air            20%        N/A       2%          3
d - Airstrike             Air            10%        2d(2-18)  9%          4

Your spell library contained the following spells:

 Spells                   Type           Power      Damage    Failure   Level
 Apportation              Tloc           6%         N/A       6%          1
 Freeze                   Ice            12%        1d3       6%          1
 Necrotise                Necr           12%        1d4       6%          1
 Summon Small Mammal      Summ           12%        N/A       6%          1
 Hailstorm                Conj/Ice       5%         3d4       14%         3
 Frozen Ramparts          Ice            6%         1d1       17%         3


Dungeon Overview and Level Annotations

Branches:
Dungeon (3/15)              Sewer (1/1)

Altars:
Gozag


Innate Abilities, Weirdness & Mutations

You are too large for most types of armour.
You have tough skin. (AC +1)
Your flesh is heat resistant. (rF+)
You are strong-willed. (Will+)


Message History

The zap misses the river rat.
The river rat bites you!
The river rat twitches its whiskers.
The river rat bites you.
Casting: Shock (safe; 1% risk of failure)
Confirm with . or Enter, or press ? or * to list all spells.
The river rat is struck by an arc of lightning.
The river rat is heavily wounded.
The river rat is struck by an arc of lightning.
You kill the river rat!
The lightning grounds out.
Your Spellcasting skill increases to level 4!
Casting: Static Discharge (safe; 2% risk of failure)
Confirm with . or Enter, or press ? or * to list all spells.
You miscast Static Discharge.
Nothing appears to happen.
The river rat bites you. The river rat bites you!
* * * LOW HITPOINT WARNING * * *
You hit the river rat. You burn the river rat.
The river rat is severely wounded.
The river rat closely misses you. The river rat bites you.
* * * LOW HITPOINT WARNING * * *
You completely miss the river rat.
The river rat is severely wounded.
The river rat bites you.
* * * LOW HITPOINT WARNING * * *
The river rat bites you.
* * * LOW HITPOINT WARNING * * *
It was a potion of mutation.
You feel extremely strange.
You feel resistant to heat.
You feel strong-willed.
The river rat twitches its whiskers.
The river rat bites you.
* * * LOW HITPOINT WARNING * * *
The river rat barely misses you.
Okay, then.
Okay, then.
Unknown command.
Unknown command.
It was a potion of curing.
You feel better. The river rat bites you.
* * * LOW HITPOINT WARNING * * *
The river rat bites you.
You die...

#.≈~# +..+ #.≈~# #~≈≈#
#~≈~# #..# #~≈~# #.≈≈#
#~≈~# #..# #.≈~# #~≈≈#
#~≈~# #..# #~≈~# #~≈≈#
#~≈~####..####~≈~# #~≈≈#
#~≈~##.#..#.##~≈.# #.≈≈#
#.≈~##.'..'.##.≈~# #~≈≈#
#.≈~##.'.rr.##.≈~# #.≈≈#
#~≈.##.#.@# #~≈~# #~≈≈#
#.≈.####.~# #~≈.# #.≈≈#
#~≈~# #~.# #~≈~# #~≈≈#
#~≈~# #.~# #~≈.# #~≈≈#
#~≈~####~~####~≈~###~≈≈#
#~≈~~~~~~~~~~~~~~.~~~≈≈#
#~≈≈≈≈≈≈~~≈≈≈≈≈≈≈≈≈≈≈≈≈#
#~~~~~.~..~..~~.~.~~≈≈≈#
#≈≈≈###############.≈≈≈#


You could see 2 river rats.

Vanquished Creatures
  11 adders
  2 gnolls (D:3)
  2 river rats (Sewer)
  A dart slug (D:2)
  2 ball pythons (Sewer)
  6 bats
  4 endoplasms
  7 giant cockroaches
  5 goblins
  7 hobgoblins
  6 jackals
  6 quokkas
  5 frilled lizards
  4 kobolds
  4 rats
  3 plants
75 creatures vanquished.

Notes
Turn   | Place    | Note
-------+----------+-------------------------------------------
     0 | D:1      | jfcaron the Ogre Air Elementalist began the quest for the
                  | Orb.
     0 | D:1      | Reached XP level 1. HP: 16/16 MP: 3/3
    99 | D:1      | Reached skill level 1 in Conjurations
   198 | D:1      | Reached XP level 2. HP: 24/24 MP: 0/5
   252 | D:1      | Learned a level 2 spell: Static Discharge
  1020 | D:1      | Reached XP level 3. HP: 25/31 MP: 1/7
  1072 | D:1      | Learned a level 3 spell: Swiftness
  1855 | D:2      | Reached XP level 4. HP: 39/39 MP: 4/8
  2582 | D:3      | Found an opulent altar of Gozag.
  2655 | D:3      | Found a glowing drain.
  2677 | Sewer    | Entered a sewer
  2684 | Sewer    | Reached XP level 5. HP: 32/45 MP: 0/10
  2765 | Sewer    | Learned a level 4 spell: Airstrike
  2937 | Sewer    | HP: 8/45 [/static electricity (2)]
  2942 | Sewer    | HP: 4/45 [poisoned by an adder]
  3423 | Sewer    | HP: 4/45 [river rat (6)]
  3424 | Sewer    | Gained mutation: Your flesh is heat resistant. (rF+)
                  | [potion of mutation]
  3424 | Sewer    | Gained mutation: You are strong-willed. (Will+) [potion of
                  | mutation]
  3425 | Sewer    | Slain by a river rat

Illustrated notes

Levels and vault maps discovered:
D:1:      dpeg_arrival_pits, layout_loops_ring, serial_bayou,
          serial_bayou_pond_b, serial_bayou_pond_e, serial_bayou_pond_d,
          serial_bayou_lake_a
D:2:      cheibrodos_old_hovel, layout_basic, serial_co_window_serial,
          co_window_corner_a, co_window_paths_b, co_window_corner_a,
          co_window_of_opportunity_a, co_window_corner_a,
          co_window_of_opportunity_c, co_window_cross_4, co_window_broadway_c,
          co_window_unsneaky_path_c, co_window_corner_cb, co_window_paths_d,
          glass_columns_c, glass_columns_a, glass_columns_a, glass_columns_b,
          glass_columns_a
D:3:      layout_loops_ring, nicolae_gozag_seed_capital, portal_sewer_entry_f
Sewer:    sewer_fruit_machine

Skill      XL: |  1  2  3  4  5 |
---------------+----------------+-----
Conjurations   | 1 |  1.0
Air Magic      | 3 4 |  4.7
Dodging        | 2 |  2.0
Spellcasting   | 3 4 |  4.0
Stealth        | 2 |  2.0

Action                   |  1- 3 |  4- 6 || total
-------------------------+-------+-------++-------
Melee: Unarmed           |     4 |       ||     4
       Short sword       |    13 |    33 ||    46
 Cast: Shock             |    51 |    67 ||   118
       Static Discharge  |     4 |    12 ||    16
  Use: Scroll            |     5 |     1 ||     6
       Potion            |       |     3 ||     3
Armor: Robe              |     9 |    15 ||    24
Dodge: Dodged            |    18 |    43 ||    61

Table legend: (Time is in decaauts)
 A = Elapsed time spent in this place.
 B = Non-inter-level travel time spent in this place.
 C = Inter-level travel time spent in this place.
 D = Time resting spent in this place.
 E = Time spent auto-exploring this place.
 F = Levels seen in this place.
 G = Mean time per level.
                   A        B        C        D        E       F      G
               +--------+--------+--------+--------+--------+-----+--------+
         Total |   3424 |   3309 |    115 |   1088 |   1524 |   4 |  856.0 |
       Dungeon |   2676 |   2561 |    115 |    715 |   1508 |   3 |  892.0 |
         Sewer |    747 |    747 |      0 |    373 |     16 |   1 |  747.0 |
               +--------+--------+--------+--------+--------+-----+--------+

Top non-repeatable levels by time:
     D:2: 1311 daAuts
     D:1: 1244 daAuts
   Sewer: 747 daAuts
     D:3: 120 daAuts

Table legend:
 A = Kills in this place as a percentage of kills in entire the game.
 B = Kills by you in this place as a percentage of kills by you in the entire game.
 C = Kills by friends in this place as a percentage of kills by friends in the entire game.
 D = Other kills in this place as a percentage of other kills in the entire game.
 E = Experience gained in this place as a percentage of experience gained in the entire game.
 F = Experience gained in this place divided by the number of levels of this place that you have seen.
                   A       B       C       D       E      F
               +-------+-------+-------+-------+-------+----------------------
         Total | 100.0 | 100.0 |   N/A |   N/A | 100.0 |  75.8
       Dungeon |  65.3 |  65.3 |   N/A |   N/A |  51.2 |  51.7
         Sewer |  34.7 |  34.7 |   N/A |   N/A |  48.8 | 148.0
               +-------+-------+-------+-------+-------+----------------------
